[Event "Titled Tuesday Blitz February 15 Early 2022"]
[White "Brodowski, Piotr"]
[Black "Osmonbekov, Talaibek"]
[WhiteFideId "1124480"]
[BlackFideId "2017253"]
[WhiteElo "2422"]
[BlackElo "2135"]
[Result "1-0"]
[Round "01"]
[TimeControl "180+1"]
[Date "2022.02.15"]
[WhiteClock "0:00:13"]
[BlackClock "0:00:06"]

1. d4 e6 2. c4 f5 3. Nf3 Nf6 4. Qc2 b6 5. g3 Bb7 6. Nc3 Bb4 7. Bg2 O-O 8. O-O a5 9. Rd1 Na6 10. d5 Bxc3 11. bxc3 Qe8 12. Ba3 Nc5 13. Nd4 f4 14. Rab1 Rb8 15. Nf3 e5 16. Bxc5 bxc5 17. Nd2 Qh5 18. Ne4 d6 19. h3 Nxe4 20. Qxe4 Ba6 21. g4 Qg6 22. Qxg6 hxg6 23. Be4 Kf7 24. Bd3 g5 25. f3 Rh8 26. Kg2 Kf6 27. Rh1 Rb6 28. Rxb6 cxb6 29. Rb1 Rb8 30. Rh1 Rh8 31. a3 Ke7 32. Rb1 Rb8 33. h4 gxh4 34. g5 Kd7 35. Kh3 Kc7 36. Bh7 Bxc4 37. Kxh4 Bxe2 38. Be4 Rh8+ 39. Kg4 Bc4 40. Kf5 b5 41. Kg6 Rb8 42. Kxg7 b4 43. axb4 axb4 44. cxb4 cxb4 45. Kf7 Kd7 46. g6 b3 47. g7 1-0


[Site "https://www.chess.com"]

[Event "Titled Tuesday Blitz February 15 Early 2022"]
[White "Brunner, Nicolas"]
[Black "Dubov, Daniil"]
[WhiteFideId "620246"]
[BlackFideId "24126055"]
[WhiteElo "2372"]
[BlackElo "2791"]
[Result "0-1"]
[Round "01"]
[TimeControl "180+1"]
[Date "2022.02.15"]
[WhiteClock "0:00:01"]
[BlackClock "0:00:20"]

1. d4 Nf6 2. c4 e6 3. g3 c5 4. d5 exd5 5. cxd5 d6 6. Nc3 g6 7. Nf3 Bg7 8. Bg2 O-O 9. O-O Na6 10. h3 Re8 11. Nd2 Nc7 12. a4 Nd7 13. Nc4 Ne5 14. Na3 f5 15. f4 Nf7 16. Nc4 b6 17. Re1 Ba6 18. Qb3 Bxc4 19. Qxc4 a6 20. Qb3 Rb8 21. e4 b5 22. axb5 axb5 23. Bd2 b4 24. Na4 Qd7 25. e5 dxe5 26. Nxc5 Qd6 27. Rac1 e4 28. Red1 Qxd5 29. Bf1 Qxb3 30. Nxb3 Ne6 31. Rc4 Bxb2 32. Bxb4 Red8 33. Rxd8+ Nfxd8 34. Na5 Bd4+ 35. Kg2 Kg7 36. Be2 Bf6 37. Kf1 Kf7 38. h4 h5 39. Bc3 Bxc3 40. Rxc3 Kf6 41. Nc4 Nc6 42. Ne3 Ned4 43. Nd5+ Ke6 44. Bc4 Kd6 45. Rc1 Rb2 46. Ne3 Rh2 47. Rd1 Kc5 48. Bf7 Ne2 49. Bxg6 Ncd4 50. Nxf5 Nxf5 51. Bxf5 Nxg3+ 52. Kg1 Rh1+ 0-1


[Site "https://www.chess.com"]

[Event "Titled Tuesday Blitz February 15 Early 2022"]
[White "Budrewicz, Krzysztof"]
[Black "Lohani, Sujana"]
[WhiteFideId "1127950"]
[BlackFideId "12311987"]
[WhiteElo "2248"]
[BlackElo "1691"]
[Result "1-0"]
[Round "01"]
[TimeControl "180+1"]
[Date "2022.02.15"]
[WhiteClock "0:01:15"]
[BlackClock "0:00:43"]

1. d4 b6 2. e4 Bb7 3. Bd3 d6 4. Nf3 g6 5. O-O Bg7 6. Nc3 Nf6 7. Qe2 O-O 8. Bg5 c5 9. e5 cxd4 10. exf6 exf6 11. Bd2 dxc3 12. Bxc3 Re8 13. Qd1 Nc6 14. Bb5 Re7 15. Bxc6 Bxc6 16. Nd4 Bb7 17. Qd2 Qc7 18. Rad1 Rc8 19. f3 Qc5 20. Kh1 f5 21. h3 Rce8 22. Nb3 Bxc3 23. bxc3 Re3 24. Nxc5 dxc5 25. Rfe1 1-0


[Site "https://www.chess.com"]

[Event "Titled Tuesday Blitz February 15 Early 2022"]
[White "Bugayev, Vladimir"]
[Black "Matinian, Nikita"]
[WhiteFideId "30901480"]
[BlackFideId "24129100"]
[WhiteElo "2378"]
[BlackElo "2422"]
[Result "1-0"]
[Round "01"]
[TimeControl "180+1"]
[Date "2022.02.15"]
[WhiteClock "0:00:18"]
[BlackClock "0:00:09"]

1. e4 c5 2. Nc3 Nc6 3. Bb5 Nd4 4. Nf3 a6 5. Bd3 e6 6. O-O Nc6 7. b3 d6 8. Bb2 Nf6 9. Re1 e5 10. a4 Be7 11. Bc4 O-O 12. h3 b6 13. Bd5 Nxd5 14. Nxd5 Kh8 15. c3 f5 16. exf5 Bxf5 17. Nxe7 Qxe7 18. d4 e4 19. d5 Qf7 20. dxc6 exf3 21. Qxf3 Qxb3 22. Qe2 d5 23. c4 d4 24. a5 d3 25. Qe5 Rf7 26. axb6 d2 27. b7 dxe1=Q+ 28. Rxe1 Raf8 29. Re3 Qd1+ 30. Kh2 Qd8 31. Qg3 Qb6 32. Rb3 Qxc6 33. b8=Q Rxb8 34. Rxb8+ Bc8 35. h4 h6 36. Qe5 Kh7 37. Rb3 Qe6 38. Qxc5 Rxf2 39. Qxf2 Qxc4 40. Rg3 Qxh4+ 41. Kg1 Bg4 42. Qc2+ Kg8 43. Qc3 Qg5 44. Qxg7+ Qxg7 45. Bxg7 h5 46. Bc3 Kf7 47. Re3 Kg6 48. Kf2 Kf5 49. Kg3 Kg5 50. Re5+ Kf6 51. Rxh5+ 1-0


[Site "https://www.chess.com"]

[Event "Titled Tuesday Blitz February 15 Early 2022"]
[White "Bures, Vit"]
[Black "Riehle, Marco"]
[WhiteFideId "309052"]
[BlackFideId "12904392"]
[WhiteElo "2118"]
[BlackElo "2462"]
[Result "0-1"]
[Round "01"]
[TimeControl "180+1"]
[Date "2022.02.15"]
[WhiteClock "0:00:04"]
[BlackClock "0:00:57"]

1. d4 d5 2. c4 e6 3. Nc3 c5 4. cxd5 cxd4 5. Qa4+ Bd7 6. Qxd4 exd5 7. Qxd5 Nf6 8. Qb3 Na6 9. Nf3 Nc5 10. Qc2 Rc8 11. e3 Be7 12. Be2 O-O 13. O-O Nce4 14. Qb3 Nxc3 15. bxc3 Bc6 16. Nd4 Bd5 17. c4 Be4 18. f3 Bg6 19. Qxb7 Bc5 20. Rd1 Rc7 21. Qa6 Qe7 22. Kf2 Re8 23. Qb5 h6 24. a4 Rd7 25. Ra2 Rb7 26. Qa6 Rb1 27. Bd2 Bxd4 28. Rxb1 Bxe3+ 29. Kf1 Bxb1 30. Rb2 Bd4 0-1


[Site "https://www.chess.com"]

[Event "Titled Tuesday Blitz February 15 Early 2022"]
[White "Cherniaiev, Tykhon"]
[Black "Urbina Quiroz, Edwin"]
[WhiteFideId "14182360"]
[BlackFideId "6500650"]
[WhiteElo "2289"]
[BlackElo "2130"]
[Result "1-0"]
[Round "01"]
[TimeControl "180+1"]
[Date "2022.02.15"]
[WhiteClock "0:02:15"]
[BlackClock "0:00:09"]

1. Nf3 d5 2. c4 e6 3. b3 Nf6 4. Bb2 Be7 5. g3 O-O 6. Bg2 c5 7. cxd5 Nxd5 8. O-O Nc6 9. d4 cxd4 10. Nxd4 Nxd4 11. Bxd4 Bf6 12. e3 Bd7 13. Na3 Bc6 14. Nc4 Nc3 15. Bxc3 Bxc3 16. Rc1 Bxg2 17. Kxg2 Bf6 18. Qf3 Qe7 19. Rfd1 Rfd8 20. Na5 Rxd1 21. Rxd1 Rb8 22. Qe4 g6 23. h4 h5 24. Nc4 Kg7 25. a4 Rc8 26. Nd6 Rd8 27. Qb4 b6 28. e4 Be5 29. Nf5+ Kf6 30. Qxe7# 1-0


[Site "https://www.chess.com"]

[Event "Titled Tuesday Blitz February 15 Early 2022"]
[White "Clawitter, Craig"]
[Black "Domingo Nunez, Alejandro"]
[WhiteFideId "2023105"]
[BlackFideId "22245561"]
[WhiteElo "2136"]
[BlackElo "2215"]
[Result "0-1"]
[Round "01"]
[TimeControl "180+1"]
[Date "2022.02.15"]
[WhiteClock "0:00:08"]
[BlackClock "0:02:05"]

1. e4 g6 2. d4 Bg7 3. Nc3 c6 4. Be3 d5 5. Qd2 dxe4 6. Nxe4 Nf6 7. Nxf6+ exf6 8. Nf3 O-O 9. O-O-O Be6 10. Kb1 b5 11. Bh6 Qd5 12. b3 Nd7 13. h4 Bg4 14. Qf4 Qf5 15. Qxf5 Bxf5 16. Bxg7 Kxg7 17. h5 Nb6 18. Nh4 Be6 19. Be2 Nd5 20. Kb2 a5 21. g3 a4 22. f4 Rfe8 23. Bf3 a3+ 24. Ka1 g5 25. Ng2 g4 26. h6+ Kf8 27. Be4 Nc3 28. Rde1 Nxe4 29. Rxe4 Bd5 30. Rxe8+ Rxe8 0-1


[Site "https://www.chess.com"]

[Event "Titled Tuesday Blitz February 15 Early 2022"]
[White "Cori T., Deysi"]
[Black "Einarsson, Halldor Gretar"]
[WhiteFideId "3801934"]
[BlackFideId "2300150"]
[WhiteElo "2350"]
[BlackElo "2114"]
[Result "1-0"]
[Round "01"]
[TimeControl "180+1"]
[Date "2022.02.15"]
[WhiteClock "0:00:30"]
[BlackClock "0:00:02"]

1. d4 Nf6 2. Nf3 g6 3. g3 Bg7 4. Bg2 O-O 5. O-O d6 6. b3 c6 7. Bb2 Qa5 8. Nbd2 Qh5 9. Re1 Bh3 10. Bh1 Nbd7 11. a4 e5 12. dxe5 dxe5 13. Nc4 Rad8 14. Qc1 Bh6 15. e3 Ng4 16. Qd2 f5 17. Nd6 Ndf6 18. Nxe5 Nxe5 19. Bxe5 Ng4 20. Bb2 f4 21. exf4 Nxh2 22. Qd4 1-0


[Site "https://www.chess.com"]

[Event "Titled Tuesday Blitz February 15 Early 2022"]
[White "Corrales Jimenez, Fidel"]
[Black "Federzoni, Enzo"]
[WhiteFideId "3506690"]
[BlackFideId "2173301"]
[WhiteElo "2541"]
[BlackElo "1956"]
[Result "0-1"]
[Round "01"]
[TimeControl "180+1"]
[Date "2022.02.15"]
[WhiteClock "0:00:03"]
[BlackClock "0:00:34"]

1. d4 Nf6 2. c4 g6 3. Nc3 d5 4. cxd5 Nxd5 5. e4 Nxc3 6. bxc3 Bg7 7. Bc4 c5 8. Ne2 Nc6 9. Be3 O-O 10. h4 cxd4 11. cxd4 Qa5+ 12. Kf1 h5 13. f3 b6 14. Rc1 Bb7 15. Nf4 Rad8 16. Nxg6 Bxd4 17. Bxd4 Rxd4 18. Nxe7+ Kh7 19. Qb3 Nxe7 20. Be2 Rd2 21. Qe3 Rfd8 22. Rc7 R8d7 23. Rxd7 Rxd7 24. Rh3 Qd2 25. Qb3 Ng6 26. Rg3 Nf4 27. Bc4 Qc1+ 28. Kf2 Rd2+ 29. Ke3 Rb2+ 30. Kd4 Rxb3 31. Bxb3 Ne2+ 32. Ke5 Nxg3 33. Kf6 Qf4+ 34. Ke7 Qe5+ 35. Kd8 Qd6+ 36. Ke8 f5 37. Kf7 fxe4 0-1


[Site "https://www.chess.com"]

[Event "Titled Tuesday Blitz February 15 Early 2022"]
[White "Coto Mederos, Michel"]
[Black "Saim, Mohamed Ilias"]
[WhiteFideId "3508528"]
[BlackFideId "7900465"]
[WhiteElo "2427"]
[BlackElo "2006"]
[Result "1-0"]
[Round "01"]
[TimeControl "180+1"]
[Date "2022.02.15"]
[WhiteClock "0:00:31"]
[BlackClock "0:00:03"]

1. d4 Nf6 2. c4 e6 3. Nc3 d5 4. cxd5 exd5 5. Bg5 Bf5 6. e3 c6 7. Qf3 Bg6 8. Bxf6 gxf6 9. h4 h5 10. Nh3 Nd7 11. g3 Bb4 12. Qe2 Be4 13. f3 Bxc3+ 14. bxc3 Qa5 15. Rc1 Qa3 16. fxe4 Qxc1+ 17. Kf2 dxe4 18. c4 Qa3 19. Bg2 Qe7 20. Nf4 c5 21. Nd5 Qe6 22. Nc7+ Ke7 23. Nxe6 fxe6 24. Bxe4 f5 25. Bf3 Rag8 26. dxc5 Nxc5 27. Rd1 Ne4+ 28. Bxe4 fxe4 29. Qb2 1-0


[Site "https://www.chess.com"]

[Event "Titled Tuesday Blitz February 15 Early 2022"]
[White "Crispin Ferreras, Darvi Abraham"]
[Black "Annaberdiyev, Babageldi"]
[WhiteFideId "6402771"]
[BlackFideId "14000385"]
[WhiteElo "2187"]
[BlackElo "2332"]
[Result "0-1"]
[Round "01"]
[TimeControl "180+1"]
[Date "2022.02.15"]
[WhiteClock "0:00:14"]
[BlackClock "0:01:01"]

1. c4 c5 2. Nc3 Nc6 3. Nf3 g6 4. d4 cxd4 5. Nxd4 Bg7 6. Be3 Nf6 7. g3 O-O 8. Nxc6 bxc6 9. Bg2 Rb8 10. Qd2 Qa5 11. h3 Ba6 12. Bxa7 Ra8 13. Bd4 Bxc4 14. O-O e5 15. Be3 Be6 16. b3 d5 17. Na4 Nd7 18. Qxa5 Rxa5 19. Rac1 Rc8 20. Bd2 Raa8 21. Bb4 e4 22. e3 Bf8 23. Bxf8 Kxf8 24. Rc2 c5 25. Rfc1 c4 26. Bf1 Rcb8 27. Nc3 cxb3 28. axb3 Rxb3 29. Nb5 Ne5 30. Nc7 Ra7 31. Nxe6+ fxe6 32. Rc8+ Ke7 33. R8c7+ Rxc7 34. Rxc7+ Nd7 35. Ra7 Kd6 36. h4 h5 37. Bh3 Rb6 38. Kg2 Ne5 39. Rg7 Rb1 40. Kh2 Nf3+ 41. Kg2 Rg1# 0-1


[Site "https://www.chess.com"]

[Event "Titled Tuesday Blitz February 15 Early 2022"]
[White "Csonka, Balazs"]
[Black "Kostiukov, Alexandr"]
[WhiteFideId "742910"]
[BlackFideId "14108100"]
[WhiteElo "2404"]
[BlackElo "2202"]
[Result "1-0"]
[Round "01"]
[TimeControl "180+1"]
[Date "2022.02.15"]
[WhiteClock "0:00:33"]
[BlackClock "0:00:02"]

1. e4 c5 2. Nf3 g6 3. d4 cxd4 4. Nxd4 Bg7 5. Nc3 Nc6 6. Be3 Nf6 7. Bc4 O-O 8. Bb3 Nxd4 9. Bxd4 d6 10. Qd2 Bd7 11. O-O-O b5 12. e5 dxe5 13. Bxe5 Bc6 14. Qxd8 Rfxd8 15. f3 e6 16. Rxd8+ Rxd8 17. Rd1 Rxd1+ 18. Kxd1 Nd7 19. Bd6 Be5 20. Bxe5 Nxe5 21. a4 bxa4 22. Bxa4 Kf8 23. Bxc6 Nxc6 24. Kd2 Ke7 25. Kd3 f5 26. Kc4 Kd6 27. Nb5+ Kd7 28. Kc5 g5 29. c4 a6 30. Nd4 1-0


[Site "https://www.chess.com"]

[Event "Titled Tuesday Blitz February 15 Early 2022"]
[White "Cunjalo, Faris"]
[Black "Bon, Michael"]
[WhiteFideId "14410710"]
[BlackFideId "620696"]
[WhiteElo "2263"]
[BlackElo "2454"]
[Result "1-0"]
[Round "01"]
[TimeControl "180+1"]
[Date "2022.02.15"]
[WhiteClock "0:02:08"]
[BlackClock "0:00:22"]

1. d4 Nf6 2. Nf3 c5 3. e3 g6 4. c3 Bg7 5. Nbd2 O-O 6. dxc5 a5 7. a4 Na6 8. Bxa6 Rxa6 9. O-O Qc7 10. b3 Nd5 11. Bb2 Rc6 12. Ne4 e6 13. Nd4 Rxc5 14. Nxc5 Qxc5 15. Ba3 Qxc3 16. Bxf8 Kxf8 17. Rc1 1-0


[Site "https://www.chess.com"]

[Event "Titled Tuesday Blitz February 15 Early 2022"]
[White "Daneshvar, Bardiya"]
[Black "Dzhaparov, Medet"]
[WhiteFideId "12576468"]
[BlackFideId "13803689"]
[WhiteElo "2295"]
[BlackElo "1702"]
[Result "1-0"]
[Round "01"]
[TimeControl "180+1"]
[Date "2022.02.15"]
[WhiteClock "0:00:06"]
[BlackClock "0:00:11"]

1. d4 Nf6 2. c4 g6 3. Nc3 d5 4. cxd5 Nxd5 5. e4 Nxc3 6. bxc3 Bg7 7. Bc4 c5 8. Ne2 Nc6 9. Be3 O-O 10. O-O Bg4 11. f3 Bd7 12. Rb1 Rb8 13. Qd2 Na5 14. Bd3 c4 15. Bc2 b5 16. d5 a6 17. Nd4 Nb7 18. a4 bxa4 19. Qe2 Na5 20. f4 Qc7 21. e5 Bb5 22. h4 Nb3 23. h5 Rfd8 24. Be4 Nc5 25. Bf3 Nd3 26. Ra1 Qa5 27. Nc6 Bxc6 28. dxc6 Qxc3 29. c7 Rdc8 30. cxb8=Q Rxb8 31. Qd2 Qb3 32. hxg6 hxg6 33. Be4 Nb2 34. Bc2 Qb5 35. Bd4 e6 36. Rfb1 Qd5 37. Qc3 Rd8 38. Qxb2 Qxd4+ 39. Qxd4 Rxd4 40. g3 Rd2 41. Bxa4 Rd3 42. Kg2 Rd2+ 43. Kf3 Rd3+ 44. Kg4 Bf8 45. Bc6 Kg7 46. Rxa6 Bc5 47. Rc1 Bf2 48. Bf3 c3 49. Rc6 Bd4 50. Rc7 Rd2 51. R7xc3 Bxc3 52. Rxc3 Rh2 53. Kg5 Rh8 54. g4 Rd8 55. Rc7 Rh8 56. Bc6 Rd8 57. Re7 Kf8 58. Kf6 Kg8 59. Rxf7 1-0


[Site "https://www.chess.com"]

[Event "Titled Tuesday Blitz February 15 Early 2022"]
[White "Danielian, Vardan"]
[Black "Sankalp Gupta"]
[WhiteFideId "13301594"]
[BlackFideId "5097010"]
[WhiteElo "2412"]
[BlackElo "2395"]
[Result "0-1"]
[Round "01"]
[TimeControl "180+1"]
[Date "2022.02.15"]
[WhiteClock "0:00:08"]
[BlackClock "0:00:04"]

1. Nf3 Nf6 2. d4 e6 3. c4 d5 4. Nc3 a6 5. cxd5 exd5 6. Bg5 Be6 7. e3 Nbd7 8. Bd3 Bd6 9. Qc2 c6 10. O-O Qc7 11. h3 h6 12. Bxf6 Nxf6 13. Rab1 a5 14. Na4 O-O 15. Nc5 Rfe8 16. a3 Bc8 17. Rfc1 b6 18. Na4 Bd7 19. Nc3 Qb7 20. e4 dxe4 21. Nxe4 Nxe4 22. Bxe4 Rac8 23. Re1 Re7 24. Ne5 Be8 25. Re3 Qc7 26. Rbe1 c5 27. Rc3 Bxe5 28. dxe5 Rxe5 29. Rce3 Kf8 30. Qc3 Rd8 31. Bf3 Rxe3 32. Qxe3 Bb5 33. g3 Re8 34. Qd2 Rxe1+ 35. Qxe1 Bd7 36. Kg2 Be6 37. Qd2 Qd7 38. Qe3 Qd4 39. Qc1 Bd5 40. Bxd5 Qxd5+ 41. Kg1 h5 42. h4 b5 43. Qf4 Qd8 44. Qe5 Qd4 45. Qb8+ Ke7 46. Qxb5 a4 47. Qb7+ Kf6 48. Qc6+ Ke5 49. Qb5 Ke4 50. Qe2+ Kd5 51. Qxh5+ Kc4 52. Qe2+ Kb3 53. h5 Qxb2 54. Qb5+ Kxa3 55. Qxc5+ Qb4 56. Qc1+ Qb2 57. Qc5+ Ka2 58. g4 a3 59. g5 Kb1 60. h6 gxh6 61. gxh6 a2 62. Qf5+ Qc2 63. Qb5+ Kc1 64. Qe5 Qd1+ 65. Kh2 Kc2 66. h7 a1=Q 67. h8=Q Qh1+ 68. Kg3 Qxh8 69. Kf4 Qhxe5+ 0-1


[Site "https://www.chess.com"]

[Event "Titled Tuesday Blitz February 15 Early 2022"]
[White "Dauner, Benedikt"]
[Black "Moiseenko, Alexander"]
[WhiteFideId "16225899"]
[BlackFideId "14102560"]
[WhiteElo "2230"]
[BlackElo "2577"]
[Result "1-0"]
[Round "01"]
[TimeControl "180+1"]
[Date "2022.02.15"]
[WhiteClock "0:00:19"]
[BlackClock "0:00:04"]

1. d4 Nf6 2. Nf3 e6 3. Bf4 Be7 4. e3 Nh5 5. Bg3 d6 6. Bd3 Nd7 7. Nbd2 b6 8. Qe2 Bb7 9. c3 g6 10. O-O-O O-O 11. Kb1 c5 12. h4 b5 13. Bh2 Ndf6 14. Ng5 Bxg2 15. Rhg1 Bc6 16. e4 b4 17. Nxh7 Kxh7 18. e5 bxc3 19. exf6 Nxf6 20. h5 Kg7 21. hxg6 Rh8 22. gxf7+ Kf8 23. Bf4 cxd2 24. Qxe6 Qd7 25. Bh6+ Rxh6 26. Rg8+ Nxg8 27. fxg8=Q# 1-0


[Site "https://www.chess.com"]

[Event "Titled Tuesday Blitz February 15 Early 2022"]
[White "De Silva, L M S T"]
[Black "Praslov, Andrey"]
[WhiteFideId "9953698"]
[BlackFideId "4147863"]
[WhiteElo "1631"]
[BlackElo "2365"]
[Result "0-1"]
[Round "01"]
[TimeControl "180+1"]
[Date "2022.02.15"]
[WhiteClock "0:01:14"]
[BlackClock "0:01:07"]

1. e4 c6 2. d4 d5 3. Nc3 dxe4 4. Nxe4 Nf6 5. Nxf6+ exf6 6. c3 Bd6 7. Bd3 O-O 8. Qc2 Re8+ 9. Ne2 h5 10. O-O Nd7 11. Bf4 Nf8 12. Bxd6 Qxd6 13. Rae1 Bd7 14. h3 g6 15. Ng3 f5 16. Qd2 Ne6 17. Bxf5 gxf5 18. Nxf5 Qf4 19. Qd3 Nc5 20. Qg3+ Qxg3 21. Nxg3 Nd3 22. Rd1 Nf4 23. Rfe1 Rxe1+ 24. Rxe1 Re8 25. Re3 h4 26. Ne4 Kg7 27. Nd6 Rxe3 28. fxe3 Nd3 29. Nxb7 Nxb2 30. Nc5 Bc8 31. Kf1 Nd1 32. Nd3 Ba6 33. Ke1 Bxd3 0-1


[Site "https://www.chess.com"]

[Event "Titled Tuesday Blitz February 15 Early 2022"]
[White "Deac, Bogdan-Daniel"]
[Black "Vusatiuk, Vladimir"]
[WhiteFideId "1226380"]
[BlackFideId "14118610"]
[WhiteElo "2646"]
[BlackElo "2157"]
[Result "1-0"]
[Round "01"]
[TimeControl "180+1"]
[Date "2022.02.15"]
[WhiteClock "0:00:08"]
[BlackClock "0:00:04"]

1. d4 Nf6 2. Nf3 e6 3. c4 a6 4. Nc3 d5 5. cxd5 exd5 6. Bg5 Be7 7. e3 O-O 8. Bd3 Be6 9. O-O Nbd7 10. h3 c5 11. dxc5 Nxc5 12. Nd4 h6 13. Bf4 Bd6 14. Bxd6 Qxd6 15. Bc2 Nce4 16. Nce2 Rac8 17. Nf4 Bd7 18. Bb3 Nc5 19. Bc2 Ne6 20. Nfe2 Nxd4 21. Nxd4 Ne4 22. Qe2 Rfd8 23. Rfd1 Qe5 24. Bb3 Be6 25. Rac1 Nc5 26. Bc2 Ne4 27. f4 Qf6 28. Qf3 Nd6 29. f5 Bd7 30. Qxd5 Nc4 31. Qf3 Nxb2 32. Re1 Bc6 33. Qe2 Bd5 34. Bb3 Bxb3 35. Rxc8 Rxc8 36. axb3 Rd8 37. Qxb2 b5 38. Qf2 Re8 39. Rc1 h5 40. Qf4 g6 41. Rc6 Qe5 42. fxg6 Qxe3+ 43. Qxe3 Rxe3 44. Rc8+ Kg7 45. Nf5+ Kf6 46. Nxe3 fxg6 47. Rc6+ Ke5 48. Rxa6 g5 49. Rb6 1-0


[Site "https://www.chess.com"]

[Event "Titled Tuesday Blitz February 15 Early 2022"]
[White "Deepan Chakkravarthy J."]
[Black "Dushyant Sharma"]
[WhiteFideId "5011132"]
[BlackFideId "25065130"]
[WhiteElo "2490"]
[BlackElo "2012"]
[Result "1/2-1/2"]
[Round "01"]
[TimeControl "180+1"]
[Date "2022.02.15"]
[WhiteClock "0:00:10"]
[BlackClock "0:00:12"]

1. e4 d5 2. exd5 Nf6 3. Nf3 Qxd5 4. Be2 Bg4 5. Nc3 Qd8 6. h3 Bh5 7. g4 Bg6 8. Ne5 Nbd7 9. Nxg6 hxg6 10. d4 e6 11. g5 Nd5 12. Ne4 Be7 13. c4 N5b6 14. Qb3 c6 15. h4 Qc7 16. Qg3 e5 17. dxe5 Qxe5 18. Qxe5 Nxe5 19. b3 O-O-O 20. Rh3 Bb4+ 21. Kf1 Rhe8 22. Bf4 Nexc4 23. Bg4+ Nd7 24. Nc3 Ne5 25. Be2 Kb8 26. a3 Ba5 27. b4 Bc7 28. Re3 f6 29. Bg3 Nf7 30. Rxe8 Rxe8 31. Bc4 Bxg3 32. Bxf7 Re7 33. Bxg6 Bxh4 34. gxf6 Bxf6 35. Rc1 Ne5 36. Bf5 Nc4 37. a4 a6 38. Kg2 Nd6 39. Bd3 Bxc3 40. Rxc3 Re5 41. Kf3 a5 42. bxa5 Rxa5 43. Bc2 Kc7 44. Kg4 b5 45. axb5 Rxb5 46. f4 Kb6 47. f5 Rc5 48. Rb3+ Ka5 49. Bd3 Rd5 50. Kg5 c5 51. Kg6 c4 52. Bxc4 Nxc4 53. Kxg7 Rxf5 54. Rg3 Kb4 55. Rg4 Kc5 56. Rg1 Rd5 57. Ra1 Kd6 58. Ra2 Ne5 59. Ra6+ Nc6 60. Ra1 Ke6 61. Re1+ Ne5 62. Ra1 Rd7+ 63. Kh6 Rf7 64. Ra6+ Kf5 65. Ra5 Rd7 66. Rb5 Kf6 67. Rb6+ Kf7 68. Kg5 Nc4 69. Ra6 Nd6 70. Kf4 Ke6 71. Rb6 Rf7+ 72. Ke3 Ke5 73. Ra6 Nc4+ 74. Kd3 Kd5 75. Ra8 Rf3+ 76. Ke2 Re3+ 77. Kf2 Rb3 78. Rd8+ Ke4 79. Re8+ Ne5 80. Ra8 Rf3+ 81. Ke2 Rc3 82. Ra4+ Nc4 83. Kf2 Rc2+ 84. Kg3 Ke3 85. Ra8 Ne5 86. Ra3+ Ke4 87. Ra4+ Kf5 88. Ra8 Rc3+ 89. Kf2 Kf4 90. Ra4+ Kg5 91. Ke2 Rc4 92. Rxc4 Nxc4 1/2-1/2


[Site "https://www.chess.com"]

[Event "Titled Tuesday Blitz February 15 Early 2022"]
[White "Delorme, Alban"]
[Black "Liyanage, Ranindu Dilshan"]
[WhiteFideId "623636"]
[BlackFideId "9915834"]
[WhiteElo "2197"]
[BlackElo "1858"]
[Result "0-1"]
[Round "01"]
[TimeControl "180+1"]
[Date "2022.02.15"]
[WhiteClock "0:00:39"]
[BlackClock "0:01:30"]

1. e4 e6 2. d4 d5 3. Nc3 Bb4 4. e5 c5 5. a3 Bxc3+ 6. bxc3 Ne7 7. h4 Qc7 8. h5 h6 9. Rb1 Nbc6 10. Qg4 Rg8 11. a4 Nf5 12. Bb5 Bd7 13. Bxc6 Bxc6 14. dxc5 Qxe5+ 15. Ne2 g6 16. hxg6 Rxg6 17. Qf3 d4 18. cxd4 Nxd4 19. Qd3 Bxg2 20. Rh4 Nf3+ 21. Kd1 Rd8 22. Re4 Qxe4 0-1


[Site "https://www.chess.com"]

[Event "Titled Tuesday Blitz February 15 Early 2022"]
[White "Demidov, Mikhail"]
[Black "Tissir, Mohamed"]
[WhiteFideId "4197143"]
[BlackFideId "9000240"]
[WhiteElo "2525"]
[BlackElo "2464"]
[Result "1-0"]
[Round "01"]
[TimeControl "180+1"]
[Date "2022.02.15"]
[WhiteClock "0:00:14"]
[BlackClock "0:00:05"]

1. Nf3 Nf6 2. g3 g6 3. b3 Bg7 4. Bb2 O-O 5. Bg2 d6 6. d4 a5 7. O-O a4 8. c4 Ne4 9. e3 c5 10. Nfd2 Nf6 11. bxa4 Qa5 12. Nc3 Nc6 13. d5 Ne5 14. Qe2 Bg4 15. f3 Bc8 16. e4 h5 17. h3 h4 18. f4 Nh5 19. fxe5 Nxg3 20. Qd3 Bxe5 21. Nf3 Bf6 22. Rfe1 Bd7 23. Rac1 Rac8 24. e5 dxe5 25. Nxe5 Bf5 26. Qe3 Qb4 27. Ba1 Qa3 28. Qh6 Ra8 29. Qd2 Ra6 30. Bb2 Qb4 31. Kh2 Rfa8 32. Ba1 Qb6 33. Ne2 Rxa4 34. Nxg3 hxg3+ 35. Kxg3 Rxa2 36. Qf4 R8a3+ 37. Re3 1-0


[Site "https://www.chess.com"]

[Event "Titled Tuesday Blitz February 15 Early 2022"]
[White "Demin, Vladimir"]
[Black "Timofeev, Artyom"]
[WhiteFideId "4167457"]
[BlackFideId "4140419"]
[WhiteElo "2476"]
[BlackElo "2583"]
[Result "0-1"]
[Round "01"]
[TimeControl "180+1"]
[Date "2022.02.15"]
[WhiteClock "0:00:03"]
[BlackClock "0:00:20"]

1. e4 c5 2. Nf3 d6 3. d4 cxd4 4. Qxd4 Nc6 5. Bb5 Nf6 6. Nc3 Bd7 7. Bxc6 Bxc6 8. Bg5 e6 9. O-O-O Be7 10. Qd3 Qa5 11. Kb1 O-O 12. Bc1 Qa6 13. Qxa6 bxa6 14. Rhe1 a5 15. Nd4 Bb7 16. f3 d5 17. exd5 Nxd5 18. Nxd5 Bxd5 19. Nb5 Bc6 20. Nd4 Bd5 21. Nb5 Rab8 22. a4 Bc6 23. Bf4 Rb7 24. Nc3 Bb4 25. Re3 h6 26. Bd6 Rc8 27. b3 a6 28. Bxb4 axb4 29. Ne4 Bd5 30. Nd6 Rcb8 31. Nxb7 Rxb7 32. Rd4 a5 33. Kb2 Kf8 34. h4 g6 35. Re5 Rd7 36. c4 bxc3+ 37. Kxc3 f6 38. Re3 Ke7 39. Kb2 Kd6 40. Rd2 Rb7 41. Rc3 g5 42. hxg5 hxg5 43. Rd1 f5 44. Rh1 Ke5 45. g3 Kd6 46. Rh8 Ke5 47. Rd8 Rb6 48. Rdc8 f4 49. g4 Kd4 50. R8c5 Bxb3 51. Rb5 Rxb5 52. axb5 Bd5 53. b6 a4 54. Ra3 Kc5 55. Rxa4 Kxb6 56. Kc3 Kc5 57. Ra5+ Kd6 58. Ra6+ Ke5 59. Ra5 Kf6 60. Kd4 Bxf3 61. Re5 Bxg4 62. Re1 Bf5 63. Rg1 e5+ 64. Kd5 e4 65. Ra1 e3 66. Ra6+ Kg7 67. Ke5 e2 68. Ra1 f3 69. Kxf5 f2 70. Ra7+ Kf8 71. Ra8+ Ke7 72. Ra7+ Kd6 0-1


[Site "https://www.chess.com"]

[Event "Titled Tuesday Blitz February 15 Early 2022"]
[White "Deuer, Marius"]
[Black "Barp, Alberto"]
[WhiteFideId "16236432"]
[BlackFideId "872555"]
[WhiteElo "2091"]
[BlackElo "2229"]
[Result "0-1"]
[Round "01"]
[TimeControl "180+1"]
[Date "2022.02.15"]
[WhiteClock "0:00:08"]
[BlackClock "0:00:18"]

1. e4 c6 2. Nf3 d5 3. Nc3 Bg4 4. h3 Bxf3 5. Qxf3 e6 6. d3 Nf6 7. Qg3 Qb6 8. Bd2 d4 9. Na4 Qa6 10. b3 b5 11. Nb2 Qa3 12. Nd1 Nbd7 13. Be2 Bb4 14. c3 dxc3 15. Nxc3 Qa5 16. Nb1 O-O 17. Qe3 e5 18. Bxb4 Qxb4+ 19. Qd2 Qd4 20. Qc3 Qxc3+ 21. Nxc3 Nc5 22. O-O Ne6 23. Bg4 Nd4 24. Rac1 Nxg4 25. hxg4 b4 26. Na4 Ne2+ 27. Kh2 Nxc1 28. Rxc1 Rac8 29. Rc5 f6 30. Rc4 Rfd8 31. Nb2 c5 32. Kg3 Rd4 33. Rc2 Kf7 34. Kf3 Rd6 35. Ke3 Ra6 36. Na4 Rac6 37. Rc4 Ke6 38. Nb2 Kd6 39. Na4 g6 40. f3 Rh8 41. Nb2 h5 42. gxh5 Rxh5 43. Nd1 Rh1 44. Nf2 Ra1 45. Ng4 Ke6 46. Rc2 f5 47. exf5+ gxf5 48. Nf2 f4+ 49. Ke2 Ra6 50. Ne4 R6xa2 51. Nxc5+ Kd5 0-1


[Site "https://www.chess.com"]